Map: Lightshade LE

Players

RagnaroK (SHIN) - Winner!

  • Race: Zerg Zerg
  • Spawn Location: 11:00

uThermal

  • Race: Terran Terran
  • Spawn Location: 5:00

Event: IEM Katowice 2021

VOD

Have the link to the VOD?

Description

Time

  • Played on: Feb. 20, 2021, 10 a.m.
  • Length: 15:39

All games in this series

Show
View Real Time Build Order
Export as new Build Order

RagnaroK Zerg - Winner!

Build Orders: Hatch First 

Get SALT Encoding   

  12  0:00  Drone  
  13  0:12  Overlord  
  13  0:19  Drone  
  14  0:32  Drone x2  
  16  0:40  Drone  
  17  0:51  Hatchery  
  17  0:55  Drone  
  17  0:58  Drone  
  18  1:13  Spawning Pool  
  18  1:14  Drone  
  18  1:18  Drone  
  19  1:29  Drone  
  20  1:37  Extractor  
  20  1:38  Drone  
  20  1:56  Overlord  
  20  2:00  Queen  
  22  2:03  Zergling x2, Queen  
  22  2:04  Zergling x2  
  26  2:11  Drone  
  27  2:19  Hatchery  
  27  2:22  Drone  
  27  2:25  Drone  
  27  2:29  Drone  
  29  2:35  Drone  
  30  2:40  Queen  
  32  2:45  Metabolic Boost  
  32  2:49  Zergling x2  
  33  2:52  Zergling x2  
  33  2:55  Overlord  
  34  3:04  Drone x2  
  34  3:05  Drone  
  36  3:11  Overlord  
  35  3:14  Drone  
  35  3:15  Drone x2  
  38  3:22  Drone x2  
  38  3:23  Queen  
  42  3:30  Queen  
  42  3:32  Drone  
  42  3:34  Drone  
  46  3:37  Drone  
  47  3:41  Drone x3  
  50  3:50  Zergling x6  
  50  3:54  Drone x2  
  50  3:55  Drone  
  56  4:03  Overlord  
  56  4:04  Overlord  
  56  4:09  Baneling Nest, Queen  
  57  4:14  Overlord  
  57  4:20  Overlord  
  57  4:21  Queen  
  57  4:22  Drone x4  
  57  4:23  Drone  
  64  4:30  Drone x5  
  69  4:33  Drone, Spore Crawler  
  69  4:36  Spore Crawler  
  68  4:39  Spore Crawler  
  68  4:41  Drone x2  
  68  4:44  Overlord  
  70  4:46  Evolution Chamber  
  70  4:49  Lair  
  70  4:50  Extractor  
  69  4:53  Zergling x10  
  69  4:58  Drone x3  
  77  5:05  Drone x6  
  83  5:11  Drone  
  83  5:13  Evolution Chamber, Zerg Melee Weapons Level 1  
  84  5:14  Zergling x2  
  84  5:16  Queen  
  84  5:20  Zergling x4, Overlord  
  84  5:21  Zergling x2  
  89  5:24  Baneling x2  
  89  5:25  Baneling  
  89  5:27  Overlord  
  89  5:33  Extractor  
  88  5:38  Overlord  
  88  5:39  Drone x4  
  88  5:40  Zergling x8  
  96  5:46  Zergling x2  
  94  5:51  Zergling x4  
  94  5:52  Centrifical Hooks  
  96  5:58  Zergling x14  
  96  6:01  Baneling  
  96  6:02  Overlord, Baneling  
  103  6:04  Extractor  
  103  6:06  Zergling x8  
  103  6:07  Hatchery  
  103  6:08  Zergling x2  
  104  6:18  Zerg Ground Armor Level 1  
  102  6:19  Overlord  
  102  6:20  Zergling x4  
  102  6:25  Zergling x2  
  101  6:31  Queen  
  103  6:33  Zergling x20  
  113  6:42  Zergling x4  
  114  6:47  Zergling x2  
  114  6:50  Overlord  
  115  6:58  Baneling  
  115  6:59  Baneling x15  
  115  7:00  Zergling x2, Overlord  
  115  7:01  Zergling x14  
  123  7:07  Drone x4, Queen  
  129  7:12  Zerg Melee Weapons Level 2  
  129  7:18  Drone  
  129  7:19  Drone x2  
  129  7:21  Queen  
  129  7:22  Drone x2  
  136  7:25  Extractor  
  136  7:26  Hydralisk Den  
  136  7:27  Drone, Infestation Pit  
  135  7:31  Overlord, Drone x2  
  135  7:33  Zergling x4  
  135  7:35  Baneling x5  
  139  7:39  Drone x4  
  139  7:41  Drone, Spore Crawler  
  139  7:43  Drone  
  144  7:47  Drone  
  144  7:49  Drone  
  145  7:51  Spore Crawler  
  145  7:52  Drone x3  
  145  7:54  Overseer  
  145  7:55  Pneumatized Carapace  
  145  7:56  Hatchery  
  146  7:59  Overlord x2  
  146  8:01  Baneling x4  
  145  8:07  Zergling x12  
  145  8:08  Zergling x2  
  145  8:11  Burrow  
  149  8:13  Drone  
  149  8:14  Drone x2  
  149  8:17  Extractor  
  151  8:20  Zergling x2, Overlord  
  151  8:21  Zergling x8  
  151  8:23  Zerg Ground Armor Level 2  
  156  8:32  Zergling x18  
  160  8:42  Overseer  
  160  8:48  Drone x2  
  162  8:49  Overlord  
  162  8:50  Zergling x18  
  162  8:52  Overlord  
  170  8:58  Hatchery  
  170  8:59  Zergling x4  
  170  9:01  Hive  
  156  9:06  Zergling x2  
  156  9:07  Zergling x2  
  156  9:09  Overseer  
  156  9:12  Baneling  
  156  9:13  Baneling x12  
  156  9:14  Hatchery  
  156  9:15  Baneling x3  
  156  9:16  Zergling x14, Baneling x5  
  162  9:23  Zergling x4  
  162  9:24  Zergling x2  
  165  9:32  Baneling x5  
  165  9:33  Baneling x6  
  165  9:35  Zergling x22  
  174  9:38  Baneling x5  
  174  9:40  Zergling x6  
  174  9:45  Zergling x8  
  174  9:47  Baneling x2  
  174  9:48  Baneling x4  
  174  9:51  Zergling x6  
  171  9:55  Drone  
  167  10:04  Zergling x18  
  167  10:05  Zergling x6  
  176  10:12  Zergling x10  
  169  10:16  Zerg Melee Weapons Level 3, Adrenal Glands  
  169  10:21  Drone  
  169  10:22  Drone  
  169  10:23  Drone x3  
  169  10:24  Spore Crawler  
  169  10:26  Drone x3  
  169  10:27  Drone  
  177  10:30  Spore Crawler  
  177  10:34  Drone x2  
  178  10:36  Ultralisk Cavern  
  178  10:37  Zergling x14  
  178  10:38  Zergling x2  
  184  10:45  Zerg Ground Armor Level 3  
  184  10:49  Zergling x2  
  179  10:50  Zergling x12  
  179  10:52  Baneling x5  
  179  10:53  Baneling  
  174  11:01  Zergling x2  
  174  11:02  Zergling x20  
  174  11:03  Zergling x2  
  174  11:10  Zergling x8  
  177  11:13  Baneling x7  
  177  11:14  Baneling  
  177  11:18  Zergling x10  
  180  11:19  Hatchery  
  180  11:25  Chitinous Plating  
  179  11:30  Extractor  
  178  11:39  Zergling x28, Ultralisk  
  189  11:42  Zergling x2  
  189  11:43  Zergling x8  
  182  11:52  Zergling x10, Ultralisk  
  193  11:58  Baneling x7  
  193  11:59  Spore Crawler  
  192  12:04  Zergling x20  
  192  12:08  Zergling x8  
  186  12:15  Zergling x2  
  186  12:16  Zergling x16  
  186  12:18  Baneling  
  186  12:19  Baneling x6  
  186  12:20  Baneling x3  
  192  12:29  Zergling x2  
  185  12:30  Zergling x18  
  185  12:35  Zergling x2  
  185  12:36  Zergling x2, Ultralisk  
  190  12:43  Spire  
  185  12:44  Anabolic Synthesis, Zergling x10  
  160  12:52  Zergling x14  
  160  12:55  Zergling x6  
  167  13:01  Zergling x2, Ultralisk  
  167  13:04  Baneling x6  
  174  13:06  Zergling x4  
  174  13:07  Zergling x2  
  174  13:11  Baneling x11  
  177  13:17  Zergling x14  
  168  13:27  Zergling x24  
  168  13:33  Zergling x2  
  158  13:37  Zergling x8, Ultralisk  
  158  13:41  Queen x2  
  156  13:48  Zergling x14  
  156  13:50  Zergling x6  
  156  13:51  Zergling x2  
  154  13:56  Corruptor x2  
  156  14:04  Corruptor x3  
  156  14:09  Corruptor x2  
  162  14:13  Baneling x9  
  166  14:18  Corruptor  
  166  14:19  Corruptor  
  166  14:21  Baneling x4  
  171  14:24  Zergling x8  
  171  14:30  Zergling x14  
  180  14:32  Baneling x4  
  180  14:36  Zergling x8  
  181  14:45  Baneling x8  
  177  14:50  Zergling x2, Hatchery  
  177  14:51  Zergling x10  
  182  14:55  Baneling x7  
  182  14:57  Overseer  
  182  15:01  Zergling x8  
  182  15:02  Zergling x4  
  188  15:07  Baneling x10  
  188  15:10  Zergling x8  
  191  15:17  Zergling x2  
  191  15:18  Zergling x10  
Show
View Real Time Build Order
Export as new Build Order

uThermal Terran 

Build Orders: Reaper Expand 

Get SALT Encoding   

  12  0:00  SCV  
  13  0:12  SCV  
  14  0:17  Supply Depot  
  14  0:24  SCV  
  15  0:38  SCV  
  15  0:40  Barracks  
  16  0:43  Refinery  
  16  0:50  SCV  
  17  1:03  SCV  
  18  1:15  SCV  
  19  1:27  Reaper, Orbital Command  
  20  1:39  Command Center  
  20  1:47  Supply Depot  
  20  1:53  SCV  
  21  1:59  Reaper  
  22  2:05  SCV  
  22  2:07  Barracks  
  23  2:17  SCV  
  25  2:30  SCV  
  25  2:33  Barracks Reactor  
  25  2:42  SCV, Factory, Refinery  
  26  2:52  Orbital Command  
  26  2:54  SCV  
  26  2:55  Barracks Tech Lab  
  27  3:06  SCV  
  28  3:13  Command Center  
  28  3:18  SCV  
  29  3:20  SCV  
  29  3:21  Marine  
  29  3:23  Marine  
  29  3:26  Marine  
  32  3:31  SCV  
  32  3:32  SCV  
  34  3:34  Stimpack  
  34  3:38  Marine  
  34  3:40  Marine  
  36  3:43  SCV  
  36  3:44  SCV, Marine  
  39  3:50  Starport  
  39  3:52  Factory Reactor  
  39  3:57  SCV  
  39  3:58  SCV, Supply Depot  
  39  4:00  Marine  
  39  4:01  Marine  
  43  4:04  Marine  
  43  4:09  SCV  
  44  4:10  SCV  
  45  4:18  Marine  
  45  4:19  Marine  
  45  4:22  SCV x2, Marine  
  50  4:25  Orbital Command  
  50  4:34  Medivac x2, SCV x2  
  50  4:36  Marine  
  50  4:37  Marine  
  58  4:39  Marine  
  58  4:40  Refinery  
  59  4:46  Engineering Bay  
  59  4:47  Engineering Bay  
  59  4:48  SCV  
  59  4:49  Supply Depot  
  59  4:52  SCV, Refinery  
  61  4:54  Marine  
  61  4:55  Marine  
  61  4:56  SCV  
  61  4:57  Marine  
  65  5:02  SCV  
  65  5:03  Supply Depot  
  65  5:05  SCV  
  67  5:09  Factory Reactor  
  67  5:13  Barracks  
  68  5:14  Starport Reactor  
  68  5:15  Marine x2  
  68  5:18  Terran Infantry Weapons Level 1  
  68  5:19  Terran Infantry Armor Level 1  
  68  5:20  Orbital Command  
  69  5:22  SCV  
  69  5:24  SCV, Marine  
  69  5:25  Supply Depot  
  72  5:33  Marine x2  
  72  5:34  SCV  
  75  5:36  SCV  
  75  5:38  Supply Depot  
  75  5:42  Marine  
  77  5:46  SCV  
  77  5:47  SCV  
  78  5:50  Marine  
  78  5:51  Widow Mine x2, Marine  
  78  5:52  SCV  
  78  5:54  Supply Depot  
  85  5:58  SCV  
  85  6:00  Marine  
  85  6:01  SCV  
  85  6:02  Barracks, Marine  
  85  6:03  Barracks  
  89  6:04  SCV  
  89  6:06  Marine  
  89  6:10  SCV  
  92  6:13  Marine  
  92  6:17  Widow Mine, Supply Depot x2  
  94  6:18  SCV  
  94  6:21  SCV  
  94  6:22  Marine  
  94  6:23  Marine  
  97  6:27  SCV  
  97  6:30  Supply Depot  
  98  6:32  Armory  
  98  6:33  SCV  
  98  6:35  SCV  
  98  6:39  Medivac, SCV  
  103  6:44  Supply Depot  
  103  6:45  SCV, Marine x2  
  103  6:46  Marine  
  106  6:48  SCV  
  106  6:51  Marine  
  106  6:52  Marine  
  111  6:55  SCV, Barracks Reactor x2, Combat Shield  
  111  6:58  SCV  
  111  6:59  Medivac  
  111  7:00  SCV  
  114  7:02  Marine  
  114  7:03  Widow Mine x2, Marine  
  114  7:07  Marine  
  121  7:09  Factory, Marine  
  121  7:10  Refinery  
  121  7:12  Medivac  
  124  7:16  Marine  
  124  7:19  Supply Depot  
  124  7:20  SCV, Marine x2  
  124  7:22  Terran Infantry Armor Level 2, Terran Infantry Weapons Level 2  
  128  7:25  Marine  
  128  7:27  Marine  
  128  7:28  SCV  
  131  7:30  Medivac  
  131  7:32  Supply Depot  
  131  7:34  Marine x3  
  131  7:35  Marine x2  
  138  7:38  Terran Vehicle And Ship Armor Level 1, Marine x2  
  138  7:42  Medivac, SCV  
  138  7:43  SCV  
  138  7:44  Supply Depot, Marine  
  145  7:45  Marine  
  145  7:47  Widow Mine  
  148  7:51  Marine  
  148  7:54  Widow Mine, Factory Tech Lab  
  151  8:00  Command Center  
  151  8:01  Missile Turret  
  151  8:04  Supply Depot  
  151  8:08  Marine  
  151  8:09  Missile Turret  
  151  8:12  Widow Mine, Missile Turret  
  154  8:14  Medivac x2  
  154  8:15  Marine x3  
  154  8:19  Drilling Claws, Supply Depot  
  161  8:20  Marine  
  161  8:24  Marine  
  161  8:25  Marine, Supply Depot  
  161  8:27  Marine x2  
  164  8:31  Marine  
  167  8:37  Marine x3  
  167  8:39  Marine  
  171  8:42  Marine  
  171  8:43  Marine  
  171  8:44  Medivac  
  175  8:48  Thor  
  175  8:49  Widow Mine x2  
  175  8:52  Supply Depot  
  175  8:53  Marine  
  186  8:55  Marine  
  186  9:02  Medivac, Marine x2  
  183  9:03  Marine  
  183  9:08  Marine  
  187  9:13  Widow Mine x2, Marine x2  
  187  9:16  Marine x2  
  193  9:20  Marine  
  194  9:25  Marine x2  
  194  9:26  Missile Turret  
  194  9:27  Barracks  
  194  9:28  Barracks  
  194  9:29  Barracks, Marine  
  194  9:30  SCV, Marine  
  199  9:39  SCV  
  172  9:51  Widow Mine  
  172  9:52  Widow Mine, Marine x3  
  173  9:53  Marine  
  173  9:54  Marine  
  173  9:57  SCV  
  173  9:58  SCV, Marine x3  
  173  9:59  Command Center  
  179  10:00  Widow Mine  
  176  10:14  Planetary Fortress  
  176  10:17  SCV  
  176  10:20  Widow Mine x2, Concussive Shells  
  181  10:22  Marine x2, Barracks Tech Lab x3  
  181  10:23  Marauder  
  181  10:25  Liberator x2  
  191  10:28  Marine x2  
  191  10:29  SCV, Marine  
  191  10:35  Marine x2  
  197  10:44  Marauder  
  190  10:50  Marine  
  190  10:51  Marauder x3  
  190  10:55  Marine  
  190  10:57  Command Center  
  197  11:01  Marine  
  189  11:06  Marauder  
  191  11:13  Supply Depot  
  191  11:14  Supply Depot x2  
  191  11:18  Marauder x3, Marine x2  
  178  11:21  Widow Mine  
  178  11:22  Liberator x2, Supply Depot  
  178  11:25  Terran Infantry Weapons Level 3  
  188  11:34  Marine  
  188  11:35  Marauder  
  188  11:39  Marauder  
  191  11:43  Marine x2  
  191  11:44  Marauder  
  191  11:46  Widow Mine, Missile Turret  
  191  11:48  Marine  
  191  11:49  Marauder, Marine  
  191  11:50  Command Center  
  195  11:54  Terran Infantry Armor Level 3  
  195  11:55  Marine  
  195  11:56  Marine  
  195  12:21  Marine, Liberator  
  195  12:22  Marauder  
  200  12:28  Widow Mine  
  187  12:35  Marauder, Marine x2  
  187  12:36  SCV  
  184  12:37  Widow Mine  
  184  12:38  Supply Depot  
  184  12:39  Liberator  
  184  12:41  Marauder, Marine x2  
  184  12:43  Starport  
  189  12:46  Starport  
  176  12:53  Marine  
  176  12:54  Marauder  
  176  12:55  Marine x2  
  176  12:56  Marauder  
  181  13:01  Marine  
  181  13:02  Marauder, Marine x2  
  181  13:03  Marauder  
  181  13:04  Liberator  
  191  13:07  Widow Mine x2  
  195  13:15  Marauder  
  195  13:18  Widow Mine, Marine x2  
  195  13:19  Marauder  
  190  13:31  Liberator  
  165  13:35  Marine  
  165  13:36  Marauder, Marine  
  165  13:37  Widow Mine  
  159  13:45  Marine x3, Liberator  
  159  13:46  Marauder, Marine x2  
  159  13:47  Marauder, Marine x2  
  159  13:48  Planetary Fortress  
  158  13:51  Widow Mine  
  158  13:53  Marine x2  
  158  13:54  Widow Mine  
  142  13:58  Marauder  
  142  14:02  Missile Turret  
  144  14:03  Marine  
  144  14:08  Marauder, Marine x2  
  149  14:10  Marine  
  149  14:14  SCV  
  149  14:15  SCV  
  149  14:16  Marine  
  153  14:19  SCV  
  153  14:23  Liberator  
  157  14:27  Liberator  
  157  14:36  Marine x2, Liberator  
  157  14:38  SCV  
  153  14:39  Marine  
  153  14:41  Marine  
  153  14:43  Marine  
  156  14:47  Marine x2  
  156  14:51  Marine  
  159  14:58  Marine  
  159  14:59  Marauder  
  162  15:05  Marine  
  162  15:06  Marauder  
  159  15:07  Marine  
  159  15:08  Marauder, Marine  
  160  15:15  Marine  
  160  15:16  Marine  

Tags
 
Add a new tag
Caveats
  • Supply blocks, unpowered buildings, or Contaminate may cause inaccurate times.
  • Supply counts are checked every 10 seconds.